 Dungeon Crawl Stone Soup version 0.26-a0-946-g9485abf61d (webtiles) character file.

Game seed: 9449985805470551490

70 Alado the Skirmisher (level 4, 0/37 HPs)
             Began as a Demonspawn Abyssal Knight on Nov 28, 2020.
             Was a Believer of Lugonu.
             Slain by Robin
             ... wielding a cursed +0 mace
              (3 damage)
             ... on level 2 of the Dungeon.
             The game lasted 00:11:51 (1169 turns).

Alado the Skirmisher (Demonspawn Abyssal Knight)    Turns: 1169, Time: 00:11:52

Health: 0/37       AC:  7    Str: 10 (13) XL:     4   Next: 4%
Magic:  5/5        EV: 10    Int: 13 (14) God:    Lugonu [**....]
Gold:   79         SH:  0    Dex: 11 (12) Spells: 3/3 levels left

rFire    . . .     SeeInvis .   e - +0 trident
rCold    . . .     Faith    .   (no shield)
rNeg     . . .     Spirit   .   c - +0 ring mail
rPois    .         Reflect  .   (helmet restricted)
rElec    .         Harm     .   (no cloak)
rCorr    .         Rampage  .   (no gloves)
MR       .....                  (no boots)
Stlth    +.........             (no amulet)
HPRegen  0.12/turn              (no ring)
MPRegen  0.09/turn              (no ring)

@: no status effects
A: antennae 1, icy blue scales 1, rot immunity
a: Depart the Abyss, Bend Space, Renounce Religion


You were on level 2 of the Dungeon.
You worshipped Lugonu.
Lugonu was pleased with you.
You visited 1 branch of the dungeon, and saw 2 of its levels.
You visited the Abyss 1 time.

You collected 79 gold pieces.

Inventory:

Hand Weapons
 a - a +1 spear
 e - a +0 trident (weapon)
Missiles
 b - 7 boomerangs
 d - 17 poisoned darts (quivered)
Armour
 c - a +0 ring mail (worn)
 f - a +0 helmet of intelligence


   Skills:
 + Level 3.8 Fighting
 + Level 2.7 Polearms
 + Level 0.3 Throwing
 + Level 2.1 Armour
 + Level 1.3 Dodging
 + Level 2.5 Invocations


You had 3 spell levels left.
You didn't know any spells.
Your spell library was empty.

Dungeon Overview and Level Annotations

Branches:
Dungeon (2/15)

Altars:

Annotations:
D:2 Robin


Innate Abilities, Weirdness & Mutations

You have a pair of small antennae on your head.
You are partially covered in icy blue scales. (AC +2)
You are immune to rotting.


Message History

You hit Robin.
Robin is heavily wounded.
The goblin hits you.
* * * LOW HITPOINT WARNING * * *
Robin hits you with a cursed +0 mace.
* * * LOW HITPOINT WARNING * * *
You barely miss Robin.
Robin is heavily wounded.
The goblin hits you.
* * * LOW HITPOINT WARNING * * *
Robin roars a battlecry!
The goblin goes into a battle-frenzy!
The goblin barely misses you.
You hit Robin.
Robin is almost dead.
Robin misses you. The goblin hits you but does no damage.
You barely miss Robin.
Robin is almost dead.
Robin hits you with a cursed +0 mace.
You die...

###.# #.###†#.†.....#
#...####..............
#..............#####.#
############.### #.#
#.# #.# #.# #.# #.#
#.# ##########.# #.#
#.g@g(.....# #.#
#(########## #.# #.#
#.# #.# #)# #g# #.#
#g# #.. #g# #.# #g#
#.. ..# ###


You could see Robin and a goblin (strong).

Vanquished Creatures
  An adder (D:2)
  2 oozes
  3 giant cockroaches
  13 goblins
  5 hobgoblins
  2 jackals (D:2)
  A quokka (D:2)
  2 ball pythons
  6 bats
  4 frilled lizards
  6 kobolds
  7 rats (D:1)
52 creatures vanquished.

Notes
Turn   | Place    | Note
-------+----------+-------------------------------------------
     0 | Abyss:1  | Alado the Demonspawn Abyssal Knight began the quest for the
                  | Orb.
     0 | Abyss:1  | Reached XP level 1. HP: 18/18 MP: 2/2
     0 | D:1      | Escaped the Abyss
    33 | D:1      | Reached * piety under Lugonu
    34 | D:1      | Reached skill level 1 in Dodging
   136 | D:1      | Gained mutation: You are partially covered in icy blue
                  | scales. (AC +2) [demonic ancestry]
   136 | D:1      | Reached XP level 2. HP: 21/24 MP: 3/3
   606 | D:1      | Gained mutation: You are immune to rotting. [demonic
                  | ancestry]
   606 | D:1      | Reached XP level 3. HP: 30/30 MP: 4/4
  1111 | D:2      | Noticed Robin
  1136 | D:2      | Reached ** piety under Lugonu
  1155 | D:2      | Gained mutation: You have a pair of small antennae on your
                  | head. [demonic ancestry]
  1155 | D:2      | Reached XP level 4. HP: 12/37 MP: 5/5
  1169 | D:2      | Slain by Robin

Illustrated notes

Levels and vault maps discovered:
D:1:      eino_arrival_druids_welcome, layout_basic
D:2:      layout_loops_ring, kennysheep_vampire_church, uniq_robin

Skill      XL: |  1  2  3 |
---------------+----------+-----
Dodging        | 1 |  1.3
Polearms       | 2 |  2.7
Armour         | 2 |  2.1
Fighting       | |  3.8
Throwing       | |  0.3
Invocations    | |  2.5

Action                   |  1- 3 |  4- 6 || total
-------------------------+-------+-------++-------
Melee: Spear             |   122 |       ||   122
       Trident           |    50 |    15 ||    65
Throw: Dart              |     8 |       ||     8
Invok: Depart the Abyss  |     1 |       ||     1
  Use: Scroll            |     4 |       ||     4
       Potion            |     2 |       ||     2
Armor: Leather armour    |    24 |       ||    24
       Ring mail         |    40 |    12 ||    52
Dodge: Dodged            |    78 |     8 ||    86

Table legend: (Time is in decaauts)
 A = Elapsed time spent in this place.
 B = Non-inter-level travel time spent in this place.
 C = Inter-level travel time spent in this place.
 D = Time resting spent in this place.
 E = Time spent auto-exploring this place.
 F = Levels seen in this place.
 G = Mean time per level.
                   A        B        C        D        E       F      G
               +--------+--------+--------+--------+--------+-----+--------+
         Total |   1179 |   1151 |     28 |      0 |    771 |   3 |  393.0 |
       Dungeon |   1179 |   1151 |     28 |      0 |    771 |   2 |  589.5 |
         Abyss |      0 |      0 |      0 |      0 |      0 |   1 |    0.0 |
               +--------+--------+--------+--------+--------+-----+--------+

Top non-repeatable levels by time:
     D:1: 860 daAuts
     D:2: 319 daAuts
